 Dungeon Crawl Stone Soup version 0.26-a0-597-gb535b0901c (webtiles) character file.

Game seed: 5395141328380374940

696921 Flugslaktarn the Executioner (level 26, 0/274 HPs)
             Began as a Deep Dwarf Monk on Sept 15, 2020.
             Was the Champion of Makhleb.
             Slain by Cerebov
             ... wielding the +6 sword of Cerebov {flame}
              (1 damage)
             ... in Pandemonium.
             The game lasted 00:40:08 (41094 turns).

Flugslaktarn the Executioner (Deep Dwarf Monk)     Turns: 41094, Time: 00:40:08

Health: 0/274      AC: 43    Str: 26    XL:     26   Next: 70%
Magic:  11/11      EV: 20    Int: 12    God:    Makhleb [******]
Gold:   2754       SH:  0    Dex: 15    Spells: 25/25 levels left

rFire    + . .     SeeInvis .   K - +9 executioner's axe (vorpal)
rCold    + + +     Faith    +   (shield currently unavailable)
rNeg     + + .     Spirit   .   R - +9 plate armour "Bezist" {rN+}
rPois    .         Reflect  .   P - +1 hat "Umadaekhi" {rF+ rC+}
rElec    +         Harm     .   Z - +2 cloak
rCorr    .                      G - +2 pair of gloves
MR       +++++                  M - +2 pair of boots {Fly}
Stlth    ..........             S - amulet of the Bull {Faith Fragile rElec rC+ Stlth+}
HPRegen  0.00/turn              m - ring of Zeutyr {MR++ Slay+4}
MPRegen  0.12/turn              L - ring "Rixyrir" {rF+ MR+}

@: mighty, fire vulnerable, flying, non-regenerating, studying Evocations
A: damage resistance, heal wounds, icy blue scales 1, cold resistance 1,
negative energy resistance 1, sense surroundings 3, no potion heal 1, no
regeneration
}: 7/15 runes: barnacled, slimy, silver, abyssal, demonic, dark, gossamer
a: Heal Wounds, Minor Destruction, Lesser Servant of Makhleb, Major Destruction,
Greater Servant of Makhleb, Renounce Religion, Stop Flying


You were in Pandemonium.
You worshipped Makhleb.
Makhleb was exalted by your worship.
You visited 9 branches of the dungeon, and saw 47 of its levels.
You visited Pandemonium 1 time, and saw 10 of its levels.
You visited the Abyss 1 time.
You also visited: Trove, Sewer, Bailey, Gauntlet and Wizlab.

You collected 7334 gold pieces.
You spent 4580 gold pieces at shops.

Inventory:

Hand Weapons
 K - a +9 vorpal executioner's axe (weapon)
   (You acquired it on level 13 of the Dungeon)
Missiles
 O - 4 throwing nets (quivered)
Armour
 g - a +2 helmet
   (You took it off Robin on level 3 of the Dungeon)
 G - a +2 pair of gloves (worn)
   (You found it on level 9 of the Dungeon)
 M - a +2 pair of boots of flying (worn)
   (You found it on level 13 of the Dungeon)
 P - the +1 hat "Umadaekhi" (worn) {rF+ rC+}
   (You acquired it on level 3 of the Abyss)

   It protects you from fire.
   It protects you from cold.
 R - the +9 plate armour "Bezist" (worn) {rN+}
   (You found it on level 5 of the Pits of Slime)

   It protects you from negative energy.
 Z - a +2 cloak (worn)
   (You found it on level 2 of the Depths)
Jewellery
 k - an uncursed ring of resist corrosion
   (You took it off a deep elf sorcerer on level 5 of the Vaults)
 m - the ring of Zeutyr (left hand) {MR++ Slay+4}
   (You found it in a treasure trove)

   [ring of slaying]

   It affects your accuracy and damage with ranged weapons and melee attacks
   (+4).
   It affects your resistance to hostile enchantments.
 p - a +4 ring of protection
   (You found it on level 3 of the Shoals)
 v - a +4 ring of evasion
   (You found it on level 1 of the Vaults)
 L - the ring "Rixyrir" (right hand) {rF+ MR+}
   (You bought it in a shop on level 1 of the Depths)

   [ring of protection from magic]

   It protects you from fire.
   It affects your resistance to hostile enchantments.
 S - the amulet of the Bull (around neck) {Faith Fragile rElec rC+ Stlth+}
   (You acquired it on level 5 of the Vaults)

   [amulet of faith]

   It allows you to gain divine favour quickly.
   It protects you from cold.
   It insulates you from electricity.
   It will be destroyed if unequipped.
   It makes you more stealthy.
 U - the ring of the Glimmering Pariah {rPois rN+ Slay+2}
   (You took it off a deep elf mage on level 5 of the Vaults)

   [ring of positive energy]

   It affects your accuracy and damage with ranged weapons and melee attacks
   (+2).
   It protects you from poison.
   It protects you from negative energy.
Wands
 a - a wand of paralysis (54)
   (You found it on level 8 of the Dungeon)
 y - a wand of iceblast (46)
   (You found it in a Gauntlet)
 E - a wand of digging (21)
   (You found it on level 4 of the Spider Nest)
 H - a wand of enslavement (20)
   (You found it in a Gauntlet)
 J - a wand of acid (15)
   (You found it on level 5 of the Depths)
Scrolls
 f - 2 scrolls of magic mapping
 l - 7 scrolls of immolation
 o - a scroll of brand weapon
 r - 25 scrolls of identify
 s - 7 scrolls of fog
 t - 4 scrolls of teleportation
 u - 4 scrolls of holy word
 x - 25 scrolls of remove curse
 z - 3 scrolls of blinking
 D - 7 scrolls of fear
 V - 3 scrolls of silence
 Y - 2 scrolls of enchant armour
Potions
 c - 7 potions of flight
 d - 12 potions of might
 e - 2 potions of cancellation
 h - a potion of haste
 j - 8 potions of mutation
 n - 7 potions of resistance
 q - 19 potions of curing
 w - 14 potions of heal wounds
 A - 6 potions of lignification
 B - 10 potions of ambrosia
 N - 2 potions of berserk rage
 Q - 6 potions of invisibility
 T - 3 potions of magic
Books
 I - a manual of Evocations
   (You found it in a Gauntlet)
Miscellaneous
 C - a tin of tremorstones (3/3)
   (You bought it in a shop on level 2 of the Orcish Mines)
 F - a condenser vane (2/2)
   (You found it on level 4 of the Lair of Beasts)


   Skills:
 * Level 23.2 Fighting
 - Level 26.0 Axes
 + Level 21.9 Armour
 + Level 20.6 Dodging
 - Level 2.4 Stealth
 - Level 15.0 Invocations
 - Level 11.0 Evocations


You had 25 spell levels left.
You didn't know any spells.
Your spell library was empty.

Dungeon Overview and Level Annotations

Branches:
Dungeon (15/15)            Temple (1/1) D:7            Lair (6/6) D:9
 Shoals (4/4) Lair:3       Spider (4/4) Lair:2        Slime (5/5) Lair:5
    Orc (2/2) D:10            Elf (0/3) Orc:2        Vaults (5/5) D:13
  Crypt (0/3) Vaults:2     Depths (5/5) D:15            Zot (0/5) Depths:5
  Sewer (visited)          Bailey (visited)          WizLab (visited)
Gauntlet (visited)

Altars:
Ashenzari
Cheibriados
Dithmenos
Fedhas
Hepliaklqana
Kikubaaqudgha
Makhleb
Okawaru
Qazlal
Ru
Sif Muna
Uskayaw
Vehumet
Wu Jian
Yredelemnul
Zin
Beogh
Jiyva
Lugonu

Shops:
Orc:1 !   Orc:2 ?(}}   Shoals:1 :   Shoals:2 *   Shoals:3 =   Vaults:1 (
Vaults:4 (   Depths:1 =}}   Depths:2 (:*?

Portals:
Hell: Depths:1 Depths:2 Depths:3 Depths:4 Depths:5
Abyss: Shoals:2 Depths:3 Depths:4 Depths:5
Pandemonium: Depths:3
Ziggurat: Depths:2

Annotations:
D:4 2 transporters
Lair:1 exclusion: oklob plant
Lair:3 2 transporters, Wuut Fui's ghost, journeyman DECj
Shoals:2 2 transporters, acepyromaniac2's ghost, adept GnMo
Shoals:3 Roxanne
Vaults:2 3 runed translucent doors
Depths:1 2 transporters, Fastnbulbous's ghost, adept DsGl
Pan Cerebov


Innate Abilities, Weirdness & Mutations

You are resistant to damage.
You can heal yourself by infusing magical energy.
You resist negative energy. (rN+)
You passively map a large area around you.
You do not regenerate.
You are partially covered in icy blue scales. (AC +2)
Your flesh is cold resistant. (rC+)
Potions are less effective at restoring your health.


Message History

The neqoxec disappears in a puff of smoke!
The crimson imp disappears in a puff of smoke!
The iron imp disappears in a puff of smoke!
The balrug dissolves into shadows!
The sun demon dissolves into shadows! x3
Cerebov gestures at you. The iron shot hits you!!!!
* * * LOW HITPOINT WARNING * * *
You feel much better. Cerebov misses you.
You feel much better.
Cerebov hits you with the +6 sword of Cerebov {flame}!!
* * * LOW HITPOINT WARNING * * *
Cerebov burns you.
You feel much better. Cerebov gestures at you. The iron shot hits you!!!
* * * LOW HITPOINT WARNING * * *
Cerebov hits you with the +6 sword of Cerebov {flame}!
* * * LOW HITPOINT WARNING * * *
Cerebov burns you.
You die...

....)).....#,,,+.#*,,,,,..,,**,,*
.......#.).#,,,#.#*,,,,...,,***,*
.#######...#####.#***,2.☼.,,***,*
,* *###.....#...####..R.#*,,**,*
,* #........§§....'......**,**,*
** #.##.....§.....'......,*,,*,+
#,*#.....§....☼°2..&..**,**,*
*,*#.....#.)&####.$..#*,,**,*
*,*#...#####@#***,...!,,***,*
*,*#...#,,,#.#*,,,,2..,,***,*
*,*#...*,,,+.#*,,,,,..,,**,,*
*,*#...*,,,#.#*,,,,,,.,,**,**
*,*#.,,****#.#*******,****,*,
*,**,,,,,,*..#*******,****,*,
*,**,,,,,,*#..,,,,,,***,,,,*,
*,**,,,,,,,##.**+**,***,**+**
*,**,,,,,,,,*#*,,,*,,,,,*,,,*


You could see Cerebov (fast).

Vanquished Creatures
  the Royal Jelly (Slime:5)
  Dissolution (Slime:2)
  2 ancient liches
  A pandemonium lord (Pan)
  6 golden dragons
  2 bone dragons (Abyss:3)
  4 tentacled monstrosities
  A Brimstone Fiend (Pan)
  Jorgrun (D:14)
  7 liches
  4 titans
  Polyphemus (Shoals:3)
  10 tentacled starspawn
  17 Executioners (Pan)
  An ancient champion (WizLab)
  17 acid blobs
  3 sphinxes
  5 shadow dragons (Vaults:5)
  3 krakens
  2 storm dragons
  Kirke (D:14)
  3 tengu reavers
  10 azure jellies
  Ilsuiw (Shoals:3)
  A daeva (Abyss:4)
  Donald (Orc:2)
  7 fire giants
  4 deep elf sorcerers
  12 frost giants
  A draconian scorcher (Depths:5)
  19 vault wardens
  An iron dragon (Depths:5)
  A frost giant (shapeshifter) (Depths:5)
  9 balrugs (Pan)
  3 cacodemons
  2 warmongers (Pan)
  3 ghost moths
  A deep elf elementalist (Vaults:5)
  An angel (Abyss:4)
  2 orc warlords
  A draconian shifter (Abyss:5)
  2 spriggan defenders
  A draconian annihilator (Depths:5)
  2 emperor scorpions
  2 war gargoyles (Vaults:5)
  37 very ugly things
  5 reapers
  17 ironheart preservers
  2 entropy weavers (Spider:1)
  A vampire knight (Depths:1)
  2 black suns (Pan)
  A deep elf demonologist (Vaults:4)
  An ophan (Abyss:4)
  2 blood saints (Pan)
  3 lorocyprocas (Pan)
  17 stone giants
  A green draconian (Depths:5)
  A minotaur (Gauntlet)
  2 white draconians (Depths:5)
  2 yellow draconians (Depths:5)
  A deep elf annihilator (Vaults:4)
  7 dire elephants (Abyss:5)
  Azrael (Spider:3)
  2 black draconians (Depths:5)
  7 spark wasps
  A blizzard demon (Pan)
  12 ettins
  A deep elf death mage (Vaults:5)
  9 merfolk javelineers
  3 green deaths
  8 fire dragons
  19 yaktaur captains
  8 death oozes (Slime:5)
  34 vault guards
  A deep elf high priest (Vaults:5)
  Erolcha (D:11)
  5 great orbs of eyes
  13 merfolk impalers
  6 ice dragons
  A juggernaut simulacrum (Pan)
  2 monstrous demonspawn (Pan)
  7 hydras
  6 centaur warriors
  5 merfolk aquamancers
  7 rakshasas
  4 catoblepae
  5 spriggan air magi
  Erica (D:10)
  5 merfolk avatars (Shoals:4)
  An anaconda (shapeshifter) (Depths:5)
  36 two-headed ogres
  2 death knights
  4 alligator snapping turtles (Shoals:4)
  15 death yaks
  2 holy swine (Pan)
  20 ogre magi
  A queen ant (Lair:2)
  A hell hog (Abyss:4)
  4 satyrs
  3 vampire magi
  8 deep troll shamans
  An orc high priest (Orc:2)
  12 deep troll earth magi
  4 spriggan berserkers
  5 spriggans
  7 thrashing horrors
  8 sun demons (Pan)
  A titan skeleton (Pan)
  13 soul eaters (Pan)
  5 iron trolls
  3 deep elf knights (Vaults:4)
  Nergalle (Orc:2)
  A fire crab (Gauntlet)
  8 wretched stars
  A deep troll (shapeshifter) (Depths:5)
  3 spatial maelstroms
  3 sixfirhies
  2 storm dragon skeletons (Pan)
  4 hell knights (Depths:5)
  14 skeletal warriors
  2 shadow demons (Pan)
  6 shadow wraiths
  A spark wasp zombie (Depths:4)
  5 infernal demonspawn (Pan)
  5 glowing orange brains
  3 torturous demonspawn (Pan)
  26 deep trolls
  5 unseen horrors
  3 flayed ghosts
  A gelid demonspawn (Pan)
  15 sea snakes
  3 phantasmal warriors (Vaults:5)
  2 shadow dragon zombies
  A kraken simulacrum (Shoals:4)
  11 wizards
  15 harpies
  16 ironbrand convokers
  4 deep elf archers
  A lindwurm (shapeshifter) (Vaults:1)
  8 necromancers
  14 orc knights
  11 orb spiders
  A mana viper (shapeshifter) (Vaults:5)
  26 wolf spiders
  3 shining eyes
  A fire giant zombie (Vaults:1)
  19 fauns
  11 manticores
  17 deep elf magi
  3 cyclopes
  2 wolf spider zombies (D:14)
  13 orc sorcerers
  A salamander (shapeshifter) (Vaults:3)
  44 ugly things
  A worldbinder (Abyss:5)
  10 elephants
  4 moths of wrath
  2 stone giant skeletons
  A sphinx skeleton (Depths:4)
  2 apocalypse crabs (Abyss:4)
  2 frost giant skeletons (Vaults:5)
  A torpor snail (Spider:1)
  2 black mambas
  8 water nymphs
  2 rust devils
  10 merfolk sirens
  7 orange demons
  2 eyes of devastation
  A guardian serpent (shapeshifter) (Vaults:5)
  9 hellions (Pan)
  8 smoke demons
  2 naga magi (Vaults:3)
  14 vault sentinels
  10 cane toads
  A spriggan zombie (Depths:2)
  2 gargoyles
  An efreet (Pan)
  A rime drake (Lair:5)
  4 komodo dragons
  2 yaktaurs (shapeshifter)
  74 yaktaurs
  A human zombie (Vaults:1)
  13 demonic crawlers
  A redback zombie (D:14)
  5 hellwings
  A guardian mummy (D:14)
  6 freezing wraiths
  3 ice devils
  3 tengu conjurers
  12 trolls
  3 meliai (D:13)
  A polar bear (shapeshifter) (Abyss:3)
  20 jumping spiders
  3 red devils (Pan)
  17 merfolk
  6 ancient zymes
  A queen bee (Lair:2)
  A polar bear (Lair:3)
  25 hornets
  A blink frog (shapeshifter) (Depths:5)
  19 blink frogs
  6 wind drakes
  30 raiju
  8 snapping turtles
  42 slime creatures
  Grinder (D:5)
  A hippogriff (shapeshifter) (Vaults:3)
  8 hippogriffs
  A fire giant simulacrum (Vaults:1)
  A stone giant simulacrum (Vaults:1)
  2 ettin skeletons (Pan)
  An air elemental (Abyss:5)
  8 flying skulls (Abyss:4)
  16 water elementals
  2 spriggans (shapeshifter)
  2 fire dragon skeletons
  2 redbacks (shapeshifter)
  52 starcursed masses
  74 redbacks
  7 fire elementals
  22 tarantellas
  3 wyverns
  4 wraiths
  4 fire bats (Gauntlet)
  2 shadows
  6 vampires
  A tarantella (shapeshifter) (Vaults:1)
  7 ynoxinuls
  A human (D:13)
  46 yaks
  8 golden eyes
  A wyvern (shapeshifter) (Vaults:4)
  Grum (D:11)
  5 hogs (D:14)
  An elf simulacrum (Depths:4)
  2 basilisks
  7 neqoxecs
  A yaktaur simulacrum (Vaults:2)
  24 large abominations
  5 vampire mosquitoes
  10 chaos spawn
  22 small abominations
  6 insubstantial wisps
  11 spatial vortices
  8 wargs
  A soldier ant (shapeshifter) (Vaults:3)
  2 two-headed ogre zombies (WizLab)
  7 soldier ants
  17 water moccasins
  3 acid dragons
  2 hell hounds
  8 porcupines
  6 ice beasts
  A black bear (Lair:1)
  6 eyes of draining
  3 sky beasts
  3 elf zombies
  3 phantoms
  5 necrophages
  33 orc warriors
  7 wolves
  A fire dragon simulacrum (Abyss:4)
  34 ogres
  4 boggarts (Depths:1)
  15 centaurs
  A crocodile (shapeshifter) (Vaults:4)
  8 crocodiles
  21 bullfrogs
  A glowing shapeshifter simulacrum (Depths:4)
  A wyvern zombie (D:14)
  A wyvern skeleton (D:12)
  2 scorpions
  6 troll zombies (WizLab)
  37 killer bees
  13 wights
  8 electric eels
  2 howler monkeys
  2 crimson imps (Depths:3)
  20 orc priests
  2 bullfrog zombies
  8 hounds
  3 quasits
  A human simulacrum (Vaults:1)
  2 iron imps
  17 jellies
  10 centaur zombies
  37 orc wizards
  5 centaur skeletons
  Terence (D:2)
  An iguana (D:4)
  37 worker ants
  Natasha (D:3)
  A killer bee zombie (D:7)
  8 ogre zombies (WizLab)
  A hound zombie (D:7)
  2 hound skeletons
  4 mummies (D:14)
  Robin (D:3)
  A howler monkey zombie (D:9)
  15 gnolls
  A river rat (D:6)
  11 adders
  2 shadow imps
  3 white imps
  2 ufetubi
  An ooze (Sewer)
  An adder skeleton (D:5)
  An adder zombie (D:6)
  3 worms
  A ball lightning (Pan)
  2 dart slugs
  A leopard gecko (D:7)
  115 orcs
  4 giant cockroaches
  14 goblins
  11 hobgoblins
  7 jackals (D:5)
  14 kobolds
  A quokka (D:6)
  3 bats
  5 frilled lizards
  A giant cockroach zombie (D:5)
  A jackal skeleton (D:9)
  A leopard gecko skeleton (D:6)
  2 quokka skeletons
  2 quokka zombies
  7 rats
  A crawling corpse (Vaults:5)
  2 lurking horrors
  10 starspawn tentacles
  9 tentacles
2426 creatures vanquished.

Vanquished Creatures (collateral kills)
  2 hydras
  An ugly thing (D:12)
  A komodo dragon (Lair:3)
  2 blink frogs (Lair:5)
  A hippogriff (Lair:3)
  A water moccasin (Lair:3)
  A crocodile (Lair:5)
9 creatures vanquished.

Vanquished Creatures (others)
  A pandemonium lord (Pan)
  A vampire knight (Depths:4)
  A vampire mage (Depths:4)
  A yaktaur (Vaults:1)
  A raiju (Abyss:4)
  A golden eye (Slime:2)
  A chaos spawn (Abyss:5)
  A small abomination (Abyss:3)
  2 ogres
  3 ball lightnings (Pan)
  17 fungi
  81 plants
  23 starspawn tentacles
  5 tentacles
  7 withered plants (D:14)
146 creatures vanquished.

Grand Total: 2581 creatures vanquished

Notes
Turn   | Place    | Note
-------+----------+-------------------------------------------
     0 | D:1      | Flugslaktarn the Deep Dwarf Monk began the quest for the
                  | Orb.
     0 | D:1      | Reached XP level 1. HP: 20/20 MP: 1/1
   270 | D:1      | Reached XP level 2. HP: 27/27 MP: 2/2
   411 | D:1      | Reached skill level 1 in Armour
   827 | D:2      | Noticed Terence
   855 | D:2      | Killed Terence
   855 | D:2      | Reached XP level 3. HP: 34/34 MP: 3/3
  1342 | D:3      | Reached XP level 4. HP: 37/42 MP: 4/4
  1365 | D:3      | Reached skill level 4 in Axes
  1411 | D:3      | Noticed Robin
  1461 | D:3      | Killed Robin
  1461 | D:3      | Reached XP level 5. HP: 49/49 MP: 4/4
  1516 | D:3      | Noticed Natasha
  1530 | D:3      | Killed Natasha
  1984 | D:4      | Found a transporter.
  2006 | D:4      | Noticed an ogre
  2019 | D:4      | Reached XP level 6. HP: 45/57 MP: 5/5
  2077 | D:4      | Reached skill level 5 in Axes
  2077 | D:4      | Reached skill level 5 in Dodging
  2205 | D:4      | Reached XP level 7. HP: 47/64 MP: 5/5
  2270 | D:4      | Found a transporter.
  2270 | D:4      | Noticed a fire bat
  2272 | D:4      | Noticed a fire bat
  2439 | D:5      | Entered Level 5 of the Dungeon
  2696 | D:5      | Noticed Grinder
  2705 | D:5      | Paralysed by Grinder for 4 turns
  2728 | D:5      | Killed Grinder
  2783 | D:5      | Reached skill level 5 in Fighting
  2783 | D:5      | Reached skill level 6 in Axes
  2783 | D:5      | Reached XP level 8. HP: 39/74 MP: 6/6
  2805 | D:5      | Reached skill level 5 in Armour
  3211 | D:6      | Found a shadowy altar of Dithmenos.
  3222 | D:6      | Found a glowing drain.
  3411 | Sewer    | Entered a sewer
  3541 | D:6      | Reached skill level 7 in Axes
  3754 | D:6      | Gained mutation: You passively map the area around you.
                  | [Deep Dwarf growth]
  3754 | D:6      | Reached XP level 9. HP: 36/82 MP: 7/7
  3769 | D:6      | You fall into a shaft and drop 2 floors!
  4288 | D:7      | Found an ornate altar of the Wu Jian Council.
  4516 | D:7      | Found a staircase to the Ecumenical Temple.
  4546 | D:7      | Reached skill level 8 in Axes
  4553 | Temple   | Entered the Ecumenical Temple
  4576 | Temple   | Became a worshipper of Makhleb the Destroyer
  4576 | Temple   | Reached * piety under Makhleb
  4576 | Temple   | Reached ** piety under Makhleb
  4799 | D:7      | Reached skill level 1 in Invocations
  4799 | D:7      | Reached skill level 1 in Evocations
  5067 | D:8      | Found a roughly hewn altar of Beogh.
  5142 | D:8      | Reached *** piety under Makhleb
  5388 | D:8      | Found a basalt altar of Yredelemnul.
  5737 | D:9      | Reached XP level 10. HP: 26/94 MP: 5/5
  5887 | D:9      | Noticed a death yak
  5889 | D:9      | Noticed a death yak
  5890 | D:9      | Found a staircase to the Lair.
  5890 | D:9      | Noticed a death yak
  5890 | D:9      | Noticed a death yak
  5890 | D:9      | Noticed a death yak
  5909 | D:9      | Killed a death yak
  5923 | D:9      | Killed a death yak
  5923 | D:9      | Reached skill level 9 in Axes
  5936 | D:9      | Killed a death yak
  5944 | D:9      | Killed a death yak
  5958 | D:9      | Killed a death yak
  6636 | D:10     | Entered Level 10 of the Dungeon
  6645 | D:10     | Paralysed by a hornet for 2 turns
  6660 | D:10     | Reached XP level 11. HP: 49/104 MP: 6/6
  6665 | D:10     | Reached skill level 10 in Axes
  6712 | D:10     | Noticed a sea snake
  6736 | D:10     | Noticed a sea snake
  6750 | D:10     | Noticed Erica
  6781 | D:10     | Killed Erica
  6781 | D:10     | Reached skill level 5 in Invocations
  6784 | D:10     | Reached skill level 5 in Evocations
  6815 | D:10     | Found a staircase to the Orcish Mines.
  6848 | D:10     | Noticed a seven-headed hydra
  6866 | D:10     | Killed a one-headed hydra
  6957 | D:10     | Reached **** piety under Makhleb
  7591 | D:11     | Noticed Grum
  7611 | D:11     | Noticed a brown ugly thing
  7626 | D:11     | Killed a brown ugly thing
  7632 | D:11     | Killed Grum
  7746 | D:11     | Noticed Erolcha
  7761 | D:11     | Killed Erolcha
  7794 | D:11     | Noticed a two-headed ogre
  7810 | D:11     | Killed a two-headed ogre
  7810 | D:11     | Reached skill level 11 in Axes
  8039 | D:12     | Killed an unseen horror
  8143 | D:12     | Noticed a five-headed hydra
  8145 | D:12     | Noticed a green ugly thing
  8158 | D:12     | Killed a green ugly thing
  8254 | Lair:1   | Entered Level 1 of the Lair of Beasts
  8275 | Lair:1   | Reached XP level 12. HP: 46/115 MP: 5/5
  8514 | Lair:1   | Reached skill level 10 in Dodging
  8635 | Lair:1   | Reached skill level 10 in Fighting
  9128 | Lair:2   | Found a hole to the Spider Nest.
  9245 | Lair:2   | Reached skill level 12 in Axes
  9490 | Lair:2   | Reached ***** piety under Makhleb
  9822 | Lair:2   | Noticed a queen ant
  9847 | Lair:2   | Killed a queen ant
  9847 | Lair:2   | Reached skill level 10 in Armour
 10082 | Lair:2   | Reached skill level 14 in Axes
 10082 | Lair:2   | Reached XP level 13. HP: 123/124 MP: 7/7
 10139 | Lair:3   | Noticed a dire elephant
 10142 | Lair:3   | Noticed Wuut Fui's ghost (journeyman DECj)
 10538 | Lair:3   | Found a transporter.
 10542 | Lair:3   | Found a transporter.
 10642 | Lair:3   | Found a staircase to the Shoals.
 10944 | Lair:4   | Gained mutation: You resist negative energy. (rN+) [Deep
                  | Dwarf growth]
 10944 | Lair:4   | Reached XP level 14. HP: 50/133 MP: 7/7
 11375 | Lair:5   | Found a staircase to the Slime Pits.
 11509 | Lair:5   | Found a gate leading to a gauntlet.
 11678 | Gauntlet | Entered a Gauntlet
 11678 | Gauntlet | Found a transporter.
 11681 | Gauntlet | Found a transporter.
 11697 | Gauntlet | Found a transporter.
 11701 | Gauntlet | Found a transporter.
 11719 | Gauntlet | Found a transporter.
 11732 | Gauntlet | Found a transporter.
 11745 | Gauntlet | Found a transporter.
 11765 | Gauntlet | Found a transporter.
 11769 | Gauntlet | Found a transporter.
 11778 | Gauntlet | Found a transporter.
 11802 | Gauntlet | Found a transporter.
 11803 | Gauntlet | Found a transporter.
 11935 | Gauntlet | Got a steaming cloak
 11951 | Gauntlet | Identified the +0 cloak of Catatonia {rC+} (You found it in
                  | a Gauntlet)
 12036 | Gauntlet | Found the amulet of Vitality {Regen+ HP+15}
 12507 | Lair:6   | Entered Level 6 of the Lair of Beasts
 12733 | Lair:6   | Found a stormy altar of Qazlal.
 12751 | Lair:5   | Reached skill level 15 in Axes
 13263 | Lair:6   | Reached skill level 10 in Invocations
 13584 | Lair:6   | Reached XP level 15. HP: 144/144 MP: 7/7
 13588 | Lair:6   | Reached ****** piety under Makhleb
 14452 | D:13     | Found a flagged portal.
 14462 | Bailey   | Entered a bailey
 14467 | Bailey   | Noticed an orc warlord
 14537 | Bailey   | Found a runed translucent gate.
 14538 | Bailey   | Found a runed translucent gate.
 14539 | Bailey   | Found a runed translucent gate.
 14598 | Bailey   | Killed an orc warlord
 14606 | Bailey   | Got an ancient silver amulet
 14636 | Bailey   | Identified a scroll of acquirement
 14637 | Bailey   | Identified the amulet "Woebbath" {Acrobat Dex+6} (You found
                  | it in a bailey)
 14653 | D:13     | Acquired a +3 executioner's axe of venom
 15014 | D:13     | Found a gate to the Vaults.
 15023 | D:13     | Reached skill level 10 in Evocations
 15109 | D:13     | Reached skill level 16 in Axes
 15299 | D:14     | Noticed Jorgrun
 15317 | D:14     | Killed Jorgrun
 15376 | D:14     | Noticed Kirke
 15390 | D:14     | Killed Kirke
 15570 | D:14     | Found a portal to a secret trove of treasure.
 16240 | Orc:1    | Entered Level 1 of the Orcish Mines
 16317 | Orc:1    | Found Etylig's Distillery.
 16413 | Orc:2    | Entered Level 2 of the Orcish Mines
 16702 | Orc:2    | Noticed Donald
 16714 | Orc:2    | Found a staircase to the Elven Halls.
 16717 | Orc:2    | Killed Donald
 16951 | Orc:2    | Found Iklaur's Gadget Shoppe.
 16978 | Orc:2    | Found a radiant altar of Vehumet.
 16984 | Orc:2    | Reached XP level 16. HP: 112/157 MP: 9/9
 17015 | Orc:2    | Noticed Nergalle
 17026 | Orc:2    | Killed Nergalle
 17038 | Orc:2    | Found a roughly hewn altar of Beogh.
 17069 | Orc:2    | Found Liemm's Gadget Emporium.
 17080 | Orc:2    | Found an ancient bone altar of Kikubaaqudgha.
 17099 | Orc:2    | Found Bonory's Magic Scroll Emporium.
 17151 | Orc:2    | Found Vifuog's Antique Weapon Shoppe.
 17339 | Orc:2    | Bought a glowing broad axe for 182 gold pieces
 17404 | Orc:2    | Bought a scroll of teleportation for 39 gold pieces
 17404 | Orc:2    | Bought a scroll of blinking for 97 gold pieces
 17404 | Orc:2    | Bought a scroll of enchant weapon for 97 gold pieces
 17404 | Orc:2    | Bought a scroll of teleportation for 39 gold pieces
 17492 | Orc:1    | Bought a potion of mutation for 136 gold pieces
 17492 | Orc:1    | Bought a potion of mutation for 136 gold pieces
 17492 | Orc:1    | Bought 2 potions of heal wounds for 170 gold pieces
 17492 | Orc:1    | Bought a potion of heal wounds for 85 gold pieces
 17492 | Orc:1    | Bought a potion of cancellation for 136 gold pieces
 17492 | Orc:1    | Bought a potion of heal wounds for 85 gold pieces
 17492 | Orc:1    | Bought a potion of ambrosia for 136 gold pieces
 17579 | Orc:2    | Bought a tin of tremorstones (3/3) for 560 gold pieces
 17733 | Spider:1 | Entered Level 1 of the Spider Nest
 17929 | Spider:2 | Reached skill level 17 in Axes
 18338 | Spider:3 | Noticed Azrael
 18354 | Spider:3 | Killed Azrael
 18559 | Spider:3 | Paralysed by a hornet for 2 turns
 18797 | Spider:4 | Entered Level 4 of the Spider Nest
 19453 | Spider:4 | Reached XP level 17. HP: 134/166 MP: 1/11
 19544 | Spider:4 | Got a gossamer rune of Zot
 20465 | Shoals:1 | Entered Level 1 of the Shoals
 20495 | Shoals:1 | Reached skill level 18 in Axes
 20532 | Shoals:1 | Found Lounoux's Book Boutique.
 21253 | Shoals:2 | Identified the cursed +0 trident of the Unspeakable One
                  | {distort, rC+ Int+2}
 21256 | Shoals:2 | Found a one-way gate to the infinite horrors of the Abyss.
 21256 | Shoals:2 | Noticed acepyromaniac2's ghost (adept GnMo)
 21388 | Shoals:2 | Noticed a kraken
 21393 | Shoals:2 | Killed a kraken
 21549 | Shoals:2 | Found a transporter.
 21568 | Shoals:2 | Found a transporter.
 21887 | Shoals:2 | Found Gfonim's Goods Gallery.
 22139 | Shoals:3 | Reached skill level 15 in Fighting
 22182 | Shoals:3 | Noticed Ilsuiw
 22211 | Shoals:3 | Killed Ilsuiw
 22407 | Shoals:3 | Noticed Polyphemus
 22417 | Shoals:3 | HP: 5/170 [Polyphemus (49)]
 22419 | Shoals:3 | Found Gyeteemufi's Jewellery Emporium.
 22552 | Shoals:3 | Killed Polyphemus
 22659 | Shoals:3 | Noticed a kraken
 22664 | Shoals:3 | Killed a kraken
 22838 | Shoals:3 | Identified Roxanne's Handbook of Shape Shifting
 22838 | Shoals:3 | Noticed Roxanne
 22956 | Shoals:4 | Entered Level 4 of the Shoals
 23048 | Shoals:4 | Gained mutation: You passively map a large area around you.
                  | [Deep Dwarf growth]
 23048 | Shoals:4 | Reached XP level 18. HP: 87/178 MP: 9/9
 23215 | Shoals:4 | Got a barnacled rune of Zot
 23283 | Shoals:4 | Reached skill level 19 in Axes
 23707 | Shoals:4 | Cast into level 2 of the Abyss (merfolk javelineer)
 23792 | Abyss:3  | Found a corrupted altar of Lugonu.
 23802 | Abyss:3  | Found a corrupted altar of Lugonu.
 23952 | Abyss:3  | Acquired the +1 hat "Umadaekhi" {rF+ rC+}
 24091 | Abyss:3  | Noticed a Hell Sentinel
 24102 | Abyss:3  | nice
 24216 | Abyss:3  | Noticed a bone dragon
 24234 | Abyss:3  | Killed a bone dragon
 24236 | Abyss:3  | Reached XP level 19. HP: 141/188 MP: 8/10
 24335 | Abyss:3  | Noticed a bone dragon
 24337 | Abyss:3  | Gained mutation: You have an uncontrollable temper. [a
                  | cacodemon]
 24358 | Abyss:3  | Killed a bone dragon
 24404 | Abyss:3  | Reached skill level 15 in Invocations
 24431 | Abyss:3  | Gained mutation: You often lose your temper in combat. [a
                  | neqoxec]
 24493 | Abyss:3  | Found a corrupted altar of Lugonu.
 24624 | Abyss:3  | Found a corrupted altar of Lugonu.
 24705 | Abyss:3  | Reached XP level 20. HP: 199/199 MP: 11/11
 24713 | Abyss:3  | Gained mutation: Your body sometimes deteriorates upon
                  | taking damage. [a neqoxec]
 24716 | Abyss:3  | Reached skill level 15 in Dodging
 24763 | Abyss:3  | Found a corrupted altar of Lugonu.
 24771 | Abyss:3  | Reached skill level 20 in Axes
 24789 | Abyss:3  | Found a corrupted altar of Lugonu.
 24845 | Abyss:4  | Found a corrupted altar of Lugonu.
 25004 | Abyss:4  | Paralysed by accursed screaming for 1 turns
 25105 | Abyss:4  | Paralysed by accursed screaming for 1 turns
 25116 | Abyss:4  | Paralysed by accursed screaming for 1 turns
 25144 | Abyss:4  | Reached skill level 15 in Armour
 25243 | Abyss:4  | Gained mutation: You occasionally shout uncontrollably at
                  | your foes. [a neqoxec]
 25356 | Abyss:5  | Entered Level 5 of the Abyss
 25441 | Abyss:5  | Found a corrupted altar of Lugonu.
 25452 | Abyss:5  | Got an abyssal rune of Zot
 25474 | Shoals:4 | Escaped the Abyss
 25514 | Shoals:4 | Lost mutation: Your body sometimes deteriorates upon taking
                  | damage. [potion of mutation]
 25514 | Shoals:4 | Lost mutation: You occasionally shout uncontrollably at
                  | your foes. [potion of mutation]
 25514 | Shoals:4 | Lost mutation: You often lose your temper in combat.
                  | [potion of mutation]
 25514 | Shoals:4 | Lost mutation: You tend to lose your temper in combat.
                  | [potion of mutation]
 25514 | Shoals:4 | Gained mutation: Your flesh is cold resistant. (rC+)
                  | [potion of mutation]
 25514 | Shoals:4 | Gained mutation: You are partially covered in icy blue
                  | scales. (AC +2) [potion of mutation]
 26057 | Vaults:1 | Entered Level 1 of the Vaults
 26306 | Vaults:1 | Found Biurch's Antique Weapon Shoppe.
 26387 | Vaults:1 | Reached skill level 21 in Axes
 26566 | Vaults:1 | Reached XP level 21. HP: 210/210 MP: 11/11
 27478 | Vaults:2 | Found a staircase to the Crypt.
 27676 | Vaults:2 | Found a runed translucent gate.
 27676 | Vaults:2 | Found a runed translucent gate.
 27676 | Vaults:2 | Found a runed translucent gate.
 28546 | Vaults:3 | Found a magical portal.
 28557 | WizLab   | Entered Zonguldrok's Shrine
 28753 | WizLab   | Noticed an antique lich
 28766 | WizLab   | Killed an antique lich
 28773 | WizLab   | Found the +9 sword of Zonguldrok {reap}
 29115 | Vaults:3 | Reached skill level 22 in Axes
 29267 | Vaults:3 | Reached XP level 22. HP: 222/222 MP: 12/12
 29583 | Vaults:3 | Got a shimmering hat
 29584 | Vaults:3 | Identified the cursed +0 hat "Rikasuho" {Str+2} (You found
                  | it on level 3 of the Vaults)
 29591 | Vaults:3 | Found a radiant altar of Vehumet.
 29608 | Vaults:3 | Got a brightly glowing hat
 29609 | Vaults:3 | Identified the +1 hat of Hausaes {*Contam Dex+2 Slay+3}
                  | (You found it on level 3 of the Vaults)
 29625 | Vaults:3 | Got a brightly glowing hat
 29626 | Vaults:3 | Identified the +0 hat "Ruth" {Str+4} (You found it on level
                  | 3 of the Vaults)
 30005 | Vaults:4 | Found Vaurchua's Antique Weapon Shop.
 30835 | Vaults:5 | Entered Level 5 of the Vaults
 30934 | Vaults:5 | Reached skill level 23 in Axes
 30990 | Vaults:5 | Reached XP level 23. HP: 232/232 MP: 13/13
 31012 | Vaults:5 | Got a jewelled plate armour
 31014 | Vaults:5 | Identified the +0 plate armour of Serendipity {rC+} (You
                  | found it on level 5 of the Vaults)
 31099 | Vaults:5 | Identified the ring of the Glimmering Pariah {rPois rN+
                  | Slay+2}
 31339 | Vaults:5 | Noticed an ancient lich
 31359 | Vaults:5 | Identified the +6 whip "Ysor" {vorpal, +Blink rC- MR+++}
 31366 | Vaults:5 | Killed an ancient lich
 31616 | Vaults:5 | Got a silver rune of Zot
 32574 | Shoals:1 | Bought a manual of Armour for 2097 gold pieces
 32935 | Vaults:5 | Acquired the amulet of the Bull {Faith Fragile rElec rC+
                  | Stlth+}
 33194 | D:15     | Entered Level 15 of the Dungeon
 33523 | D:15     | Found a staircase to the Depths.
 33531 | D:15     | Reached skill level 24 in Axes
 33896 | Depths:1 | Entered Level 1 of the Depths
 33939 | Depths:1 | Reached XP level 24. HP: 246/246 MP: 13/13
 34165 | Depths:1 | Found Lopsoxoa's Jewellery Shop.
 34165 | Depths:1 | Found Athotox's Gadget Emporium.
 34166 | Depths:1 | Found Huliomie's Gadget Emporium.
 34183 | Depths:1 | Bought the ring "Rixyrir" {rF+ MR+} for 585 gold pieces
 34209 | Depths:1 | Found a transporter.
 34240 | Depths:1 | Noticed Fastnbulbous's ghost (adept DsGl)
 34242 | Depths:1 | Found a transporter.
 34480 | Depths:1 | Found a gateway to Hell.
 34848 | Depths:2 | Found Wis Okiz's Magic Scroll Shop.
 34848 | Depths:2 | Found Opuaj's Antique Weapon Boutique.
 34849 | Depths:2 | Found Merchot's Assorted Antiques.
 34851 | Depths:2 | Found Nijoguikk's Book Boutique.
 34955 | Depths:2 | Found a gateway to a ziggurat.
 34969 | Depths:2 | Acquired 830 gold pieces
 35082 | D:14     | You paid a toll of 15 scrolls of teleportation to enter a
                  | treasure trove
 35083 | Trove    | Entered a treasure trove
 35094 | Trove    | Got a wavering ivory ring
 35097 | Trove    | Got a steaming battleaxe
 35106 | D:14     | Identified the +7 battleaxe of Duty {vorpal, Str+4} (You
                  | found it in a treasure trove)
 35107 | D:14     | Identified the ring of Zeutyr {MR++ Slay+4} (You found it
                  | in a treasure trove)
 36030 | Depths:3 | Found a one-way gate leading to the halls of Pandemonium.
 36841 | Depths:4 | Found a snail-covered altar of Cheibriados.
 36858 | Depths:4 | Found a corrupted altar of Lugonu.
 36996 | Depths:4 | Reached skill level 25 in Axes
 37020 | Depths:4 | Reached XP level 25. HP: 256/256 MP: 13/13
 37519 | Depths:5 | Entered Level 5 of the Depths
 38040 | Depths:5 | Found a gate to the Realm of Zot.
 38794 | Slime:1  | Entered Level 1 of the Pits of Slime
 38825 | Slime:2  | Found a viscous altar of Jiyva.
 38867 | Slime:3  | Noticed Dissolution
 38882 | Slime:2  | Killed Dissolution
 39023 | Slime:5  | Entered Level 5 of the Pits of Slime
 39057 | Slime:5  | Noticed the Royal Jelly
 39072 | Slime:5  | Killed the Royal Jelly
 39122 | Slime:5  | Reached skill level 26 in Axes
 39138 | Slime:5  | Got a slimy rune of Zot
 39153 | Slime:5  | Identified the Compendium of the Hurtful Oath
 39157 | Slime:5  | Identified the +9 plate armour "Bezist" {rN+} (You found it
                  | on level 5 of the Pits of Slime)
 39179 | Slime:5  | Got a bone broad axe
 39180 | Slime:5  | Identified the cursed +1 broad axe of Meruergh {freeze,
                  | Fragile rElec Int+2} (You found it on level 5 of the Pits
                  | of Slime)
 39535 | Pan      | Entered Pandemonium
 39617 | Pan      | Reached XP level 26. HP: 270/270 MP: 13/13
 39713 | Pan      | Found a runed translucent door.
 39769 | Pan      | Noticed Ritoxt the pandemonium lord
 39778 | Pan      | Killed Ritoxt the pandemonium lord
 39838 | Pan      | Noticed Poanown the pandemonium lord
 39839 | Pan      | Gained mutation: Potions are less effective at restoring
                  | your health. [a cacodemon]
 39842 | Pan      | Killed Poanown the pandemonium lord
 39863 | Pan      | Got a demonic rune of Zot
 39920 | Pan      | Found a runed translucent door.
 40082 | Pan      | Entered the realm of Gloorx Vloq.
 40309 | Pan      | Noticed Gloorx Vloq
 40912 | Pan      | Got a dark rune of Zot
 40922 | Pan      | Entered the realm of Cerebov.
 41050 | Pan      | Identified the +6 sword of Cerebov {flame}
 41050 | Pan      | Noticed Cerebov
 41091 | Pan      | HP: 2/274 [Cerebov/iron shot (79)]
 41094 | Pan      | Slain by Cerebov

Illustrated notes

.## # .# .
....### .. #.
.#.§.
##...#.#§#.#
##.#.# ..# .#
..## .#. ##
#.#...#####.
.. #...#
#.###L#
#.##....#.@1#
#..#..#.###3#
#...### .# #
.## .. # ...
## .### .# .#


Turn 24102 on Abyss:3: nice

Levels and vault maps discovered:
D:1:      mrwooster_arrival_arrow, layout_loops_ring, hangedman_glass_garden,
          minmay_misc_feat_enclosed
D:2:      layout_loops_cross, kennysheep_generic_room_15, uniq_terence
D:3:      layout_loops_ring, uniq_robin, uniq_natasha
D:4:      gammafunk_cloud_chamber, layout_rooms
D:5:      layout_basic, dk_rats_in_the_wall, uniq_grinder
D:6:      layout_rooms, portal_sewer_entry_a, grunt_dithmenos_smoke
D:7:      layout_loops_ring, kennysheep_mini_moat,
          minmay_temple_entry_gardened_gates
D:8:      layout_loops_corners, basic_altar, serial_glass, glass_columns_b,
          glass_columns_a, minmay_strange_pillars, feat_on_display,
          due_unseen_surprise, minmay_strange_pillars, special_room
          [special_room_orc]
D:9:      layout_loops_corners, dpeg_lair_monsters
D:10:     layout_loops_ring, orc_0_dummy, serial_aquarium,
          aquarium_bridge_square [aquarium_subvault_bridge,
          aquarium_subvault_bridge, aquarium_subvault_window,
          aquarium_subvault_bridge], aquarium_window_corner,
          aquarium_window_double, aquarium_view_2c, aquarium_pool_corner,
          moated_statue, solitary_fountain, uniq_erica
D:11:     layout_roguey, uniq_erolcha, uniq_grum
D:12:     layout_roguey, kb_rosetta
D:13:     layout_long_grid, grunt_vaults_entry_fortified, enter_bailey_3
D:14:     layout_small_grid, minmay_stone_trees_large, enter_trove_1,
          serial_undead, serial_undead_e, serial_undead_b, serial_undead_c,
          serial_undead_e, serial_undead_b, serial_undead_f, serial_undead_b,
          serial_undead_e, serial_undead_c, serial_undead_b, uniq_jorgrun,
          uniq_kirke
D:15:     grunt_enter_depths_giant_problem, layout_irregular_city
Temple:   grunt_wide_crystal_templ
Lair:1:   layout_loops_ring, patterned_corridor, grunt_megastairs_2,
          lemuel_fruit_tree, serial_bayou_shore_a, minmay_lair_oklob_chamber
Lair:2:   layout_roguey [special_room_bee], spider_nest_entry_a, minivault_24,
          st_stairs_9, serial_bayou_pond_e, grunt_forest_small_clearings,
          columned_hall_lemuel, zaba_antful_of_joy
Lair:3:   layout_hall_layers, minmay_shoals_entry_lonely_mermaid,
          gammafunk_ghost_arena
Lair:4:   layout_cave_shapes
Lair:5:   layout_roguey, minmay_slime_entry_jelly_boxes, gauntlet_entry_generic,
          roderic_carrion_pond, infiniplex_staircase_pool
Lair:6:   evilmike_catoblepas_cave, layout_cave_shapes, basic_altar
Shoals:1: layout_shoals, serial_shops, nicolae_shop_trees
Shoals:2: layout_shoals, gammafunk_ghost_abyssal_escape, nicolae_alphabet_shops
Shoals:3: layout_shoals, serial_shops, nicolae_shop_competitors_out_of_business,
          nicolae_shoals_seven_spires, uniq_polyphemus, uniq_ilsuiw,
          uniq_roxanne
Shoals:4: shoals_end_grunt_ice, layout_shoals, shoals_ilsuiw_alternative,
          nicolae_shoals_arrival_archipelago
Spider:1: layout_spider_delve
Spider:2: layout_spider_delve
Spider:3: layout_spider_delve, guppyfry_hornet_nest, uniq_azrael
Spider:4: spider_rune_water
Slime:1:  layout_caves
Slime:2:  layout_caves, basic_altar
Slime:3:  layout_caves, cheibrodos_slime_lost_civilization_7, uniq_dissolution
Slime:4:  layout_caves
Slime:5
Orc:1:    layout_caves, basic_altar, serial_shops, nicolae_shop_trees, shop,
          nicolae_shop_behind_doors
Orc:2:    kennysheep_orc_mage_school, layout_diamond_mine, uniq_donald
Vaults:1: nicolae_vaults_network_barrier, ontoclasm_vaults_loading_screen,
          v_rooms_3, vaults_mumra_hex, vaults_mumra_lcd, hangedman_vaults_snaps,
          vaults_room_grunt_arrival_ludios, vaults_room_ringed_pool,
          nicolae_vaults_network_star, nicolae_vaults_little_squares_5,
          serial_ice_b, layout_vaults_big_cross, serial_shops, shop
Vaults:2: ploomutoo_gammafunk_vaults_ghost_potion_laboratory, vaults_dpeg_cross,
          v_misc_3, grunt_vaults_focal, st_cross, dpeg_vaults_monster_box,
          v_misc_3, layout_vaults_quadrants
Vaults:3: grunt_tower_of_power, v_misc_29, hangedman_vaults_stream,
          hangedman_vaults_stretched_pinwheel, nicolae_vaults_triangles,
          vaults_room_fours, v_pattern_2,
          vaults_standard_mumra_enter_the_diamond, v_misc_17,
          grunt_vaults_diagonal, vaults_dpeg_hooks,
          nicolae_vaults_little_squares_4, layout_vaults_maze, mu_enter_wizlab_5
Vaults:4: nicolae_vaults_little_squares_3, v_misc_23, vaults_dpeg_encased_lava,
          hangedman_vaults_corner, v_misc_29, hangedman_vaults_unwind,
          nicolae_vaults_asterisk, hangedman_vaults_nails,
          ontoclasm_vaults_decontamination, grunt_vaults_hallway_long,
          layout_vaults_ring, serial_shops, shop
Vaults:5: serial_shops
Depths:1: layout_gridlike, grunt_hell_entry_dis_mu, gammafunk_ghost_arena,
          st_stairs_11, hex_medium, minmay_misc_feat_iff, minmay_misc_feat_tiny,
          lemuel_flamethrower_2, firewood_loft, minmay_shop_grove
Depths:2: kennysheep_room_grid, layout_gridlike, enter_ziggurat_e,
          kennysheep_doodads, serial_rivers, chequers_serial_rivers_micro_a,
          chequers_serial_rivers_micro_d, chequers_serial_rivers_marsh,
          chequers_serial_rivers_micro_d, chequers_serial_rivers_micro_b,
          pf_hell_entry_tar_spiral, minmay_shoptagon
Depths:3: cheibrodos_lost_city_excavation, layout_honeycomb, pan_entry,
          abyss_entry, pf_dread_powers_of_hell, kennysheep_decorative_pillar,
          kennysheep_crisscross, fountainhead
Depths:4: minmay_inside_and_out, layout_cave_shapes, hell_entry,
          abyss_entry_flame_altar, cheibriados_altar_1, lightli_minifort,
          infiniplex_staircase_pool_2
Depths:5: grunt_zot_entry_gee_three, layout_basic, hangedman_decor_push,
          hell_entry, abyss_entry, hex_tiny
Pan:      regret_index_pan_draining_boxed, layout_cellular_growth,
          pan_captured_pigsty, rand_demon_9, layout_basic, grunt_pan_sceptre,
          layout_chambers, grunt_pan_frozen_over, layout_irregular_city,
          rand_demon_9, layout_pan_divisions_a [pan_division_quadrant_a4,
          pan_division_quadrant_a4, pan_division_quadrant_a2,
          pan_division_quadrant_a6, pan_division_octagon_rings],
          pan_blood_fountain, rand_demon_4, layout_grid_shapes,
          nicolae_pan_gloorx_vloqian_1, rand_demon_6, layout_grid_shapes,
          rand_demon_1, layout_pan_divisions_a [pan_division_quadrant_a3,
          pan_division_quadrant_a5, pan_division_quadrant_a4,
          pan_division_quadrant_a3, pan_division_octagon_divided],
          pan_blood_fountain, gloorx_vloq_st, layout_pan_divisions_b
          [pan_division_quadrant_b3, pan_division_quadrant_b6,
          pan_division_quadrant_b4, pan_division_quadrant_b1], cerebov,
          layout_basic

Skill      XL: |  1  2  3  4  5  6  7  8  9 10 11 12 13 14 15 16 17 18 19 20 21 22 23 24 25 26 |
---------------+-------------------------------------------------------------------------------+-----
Armour         | 1 2 3 4 6 7 8 9 10 11 12 13 14 15 16 17 18 19 21 | 21.9
Fighting       | 3 4 5 6 7 8 9 10 12 13 14 15 16 17 18 19 20 21 22 23 | 23.2
Axes           | 4 5 6 7 8 9 11 14 15 16 17 18 19 21 22 23 24 25 26 | 26.0
Dodging        | 4 5 6 7 8 9 10 11 12 13 14 15 16 17 18 19 20 | 20.6
Invocations    | 2 4 6 8 10 11 12 13 14 15 | 15.0
Evocations     | 2 4 6 8 11 | 11.0
Stealth        | |  2.4

Action                   |  1- 3 |  4- 6 |  7- 9 | 10-12 | 13-15 | 16-18 | 19-21 | 22-24 | 25-27 || total
-------------------------+-------+-------+-------+-------+-------+-------+-------+-------+-------++-------
Melee: Hand axe          |    92 |   286 |   664 |       |       |       |       |       |       ||  1042
       War axe           |       |       |   157 |   249 |       |       |       |       |       ||   406
       Battleaxe         |       |       |       |   521 |   757 |       |       |       |       ||  1278
       Scimitar          |       |       |       |    12 |       |       |       |       |       ||    12
       Executioner's axe |       |       |       |       |   352 |  1122 |  1255 |  1286 |   790 ||  4805
Invok: Lesser Servant of |       |       |       |     2 |     4 |       |       |       |       ||     6
       Greater Servant o |       |       |       |       |     4 |       |       |       |       ||     4
 Abil: Heal Wounds       |     1 |     6 |    18 |    25 |     8 |    21 |     4 |       |    14 ||    97
Evoke: Wand              |       |       |       |     7 |       |       |     1 |       |     1 ||     9
       Condenser vane    |       |       |       |       |     1 |     2 |     2 |       |       ||     5
       Tin of tremorston |       |       |       |       |       |     4 |     1 |       |     1 ||     6
  Use: Scroll            |       |       |    20 |    11 |    15 |     5 |    10 |    11 |     9 ||    81
       Potion            |       |       |     2 |     6 |     1 |     3 |     3 |     1 |     4 ||    20
 Stab: Sleeping          |     3 |       |       |       |       |       |       |       |       ||     3
       Invisible         |       |       |     8 |     8 |       |       |       |       |       ||    16
       Paralysed         |       |       |       |     6 |       |       |       |       |       ||     6
       Distracted        |       |       |       |       |     1 |       |     3 |     1 |       ||     5
       Petrified         |       |       |       |       |       |     3 |       |       |       ||     3
Armor: Robe              |     6 |       |       |       |       |       |       |       |       ||     6
       Chain mail        |    31 |   144 |   539 |       |       |       |       |       |       ||   714
       Plate armour      |       |       |    21 |   819 |  1242 |  1164 |   820 |   827 |   651 ||  5544
Dodge: Dodged            |    45 |   127 |   491 |   651 |  1108 |  1352 |  1331 |  1334 |   680 ||  7119
       Rpst.: Scimitar   |       |       |       |     2 |       |       |       |       |       ||     2

Table legend: (Time is in decaauts)
 A = Elapsed time spent in this place.
 B = Non-inter-level travel time spent in this place.
 C = Inter-level travel time spent in this place.
 D = Time resting spent in this place.
 E = Time spent auto-exploring this place.
 F = Levels seen in this place.
 G = Mean time per level.
                   A        B        C        D        E       F      G
               +--------+--------+--------+--------+--------+-----+--------+
         Total |  43045 |  38442 |   4603 |    554 |  24468 |  66 |  652.2 |
       Dungeon |  12178 |  10622 |   1556 |     25 |   7266 |  15 |  811.9 |
        Temple |     31 |     24 |      7 |      0 |     18 |   1 |   31.0 |
          Lair |   5955 |   5057 |    898 |    200 |   3309 |   6 |  992.5 |
        Shoals |   4044 |   3821 |    223 |    133 |   2538 |   4 | 1011.0 |
   Spider Nest |   2932 |   2691 |    241 |     40 |   1880 |   4 |  733.0 |
    Slime Pits |    434 |    391 |     43 |     79 |      0 |   5 |   86.8 |
  Orcish Mines |   1558 |   1145 |    413 |      0 |    750 |   2 |  779.0 |
        Vaults |   6763 |   5958 |    805 |      0 |   3911 |   5 | 1352.6 |
        Depths |   4827 |   4413 |    414 |      0 |   3417 |   5 |  965.4 |
         Abyss |   1916 |   1916 |      0 |      0 |    720 |   4 |  479.0 |
   Pandemonium |   1448 |   1448 |      0 |     74 |    330 |  10 |  144.8 |
         Trove |     23 |     23 |      0 |      0 |     10 |   1 |   23.0 |
         Sewer |     59 |     59 |      0 |      0 |     18 |   1 |   59.0 |
        Bailey |    201 |    201 |      0 |      0 |      9 |   1 |  201.0 |
        Wizlab |    301 |    301 |      0 |      0 |    104 |   1 |  301.0 |
      Gauntlet |    369 |    369 |      0 |      3 |    183 |   1 |  369.0 |
               +--------+--------+--------+--------+--------+-----+--------+

Top non-repeatable levels by time:
Vaults:1: 1754 daAuts
Vaults:5: 1449 daAuts
   Orc:2: 1328 daAuts
  Lair:5: 1253 daAuts
Shoals:4: 1215 daAuts
Vaults:2: 1205 daAuts
Vaults:4: 1194 daAuts
Vaults:3: 1158 daAuts
     D:9: 1153 daAuts
 Abyss:3: 1142 daAuts
  Lair:6: 1126 daAuts
Shoals:2: 1094 daAuts
  Lair:2: 1089 daAuts
    D:14: 1087 daAuts
    D:13: 1054 daAuts
